 Dungeon Crawl Stone Soup version 0.22-a0-596-gfbd32a6 (webtiles) character file.

58 sking99 the Ruffian (level 3, -7/30 HPs)
             Began as a Draconian Transmuter on July 5, 2018.
             Was an Initiate of Okawaru.
             Killed from afar by Sigmund (11 damage)
             ... with a puff of flame
             ... on level 2 of the Dungeon.
             The game lasted 00:05:59 (2237 turns).

sking99 the Ruffian (Draconian Transmuter)          Turns: 2237, Time: 00:06:00

Health: -7/30      AC:  5    Str: 10 (12) XL:     3   Next: 75%
Magic:  1/6        EV: 12    Int: 13 (14) God:    Okawaru [......]
Gold:   128        SH:  0    Dex:  8 (11) Spells: 3/6 levels left

rFire    . . .     SeeInvis .     - Unarmed
rCold    . . .     Gourm    .   (no shield)
rNeg     . . .     Faith    .   (armour unavailable)
rPois    .         Spirit   .   (helmet restricted)
rElec    .         Reflect  .   (no cloak)
rCorr    .         Harm     .   (no gloves)
MR       .....                  (no boots)
Stlth    +.........             (no amulet)
HPRegen  0.10/turn              (no ring)
MPRegen  0.10/turn              (no ring)

@: no status effects
A: unfitting armour, antennae 1, cold-blooded, AC +5
a: Renounce Religion


You were on level 2 of the Dungeon.
You worshipped Okawaru.
Okawaru was noncommittal.
You were near starving.

You visited 1 branch of the dungeon, and saw 2 of its levels.

You collected 128 gold pieces.

Inventory:

Missiles
 a - 65 arrows
Jewellery
 g - an uncursed ring of resist corrosion {unknown}
 j - an uncursed ring of protection from magic {unknown}
Scrolls
 b - a scroll of magic mapping {unknown}
 d - a scroll of noise {unknown}
 f - 2 scrolls of identify {unknown}
 h - 3 scrolls of remove curse {unknown}
 k - a scroll of fog {unknown}
Potions
 i - a potion of curing {unknown}
 m - a potion of mutation
 n - a potion of invisibility {unknown}
Comestibles
 c - 3 rations


   Skills:
 + Level 2.4 Fighting
 - Level 1.7 Dodging
 * Level 4.2 Unarmed Combat
 - Level 2.0 Spellcasting
 - Level 2.0 Transmutations
 + Level 0.2 Invocations


You had 3 spell levels left.
You knew the following spells:

 Your Spells              Type           Power        Failure   Level  Hunger
a - Beastly Appendage     Tmut           #.....       11%         1    ##.....
b - Sticks to Snakes      Tmut           #.......     17%         2    ###....

Your spell library contained the following spells:

 Spells                   Type           Power        Failure   Level  Hunger
 Spider Form              Tmut/Pois      #.........   45%         3    ####...
 Blade Hands              Tmut           #.........   97%         5    ######.
 Ice Form                 Ice/Tmut       #.......     86%         4    #####..


Dungeon Overview and Level Annotations

Branches:
Dungeon (2/15)

Altars:
Elyvilon
Okawaru

Annotations:
D:2 Sigmund


Innate Abilities, Weirdness & Mutations

Your plain brown scales are hard. (AC +5)
You cannot fit into any form of body armour.
You are cold-blooded and may be slowed by cold attacks.
You have a pair of small antennae on your head.


Message History

Your ball python barely misses Sigmund.
Your ball python constricts Sigmund.
Sigmund hits your ball python with a scythe!
Your ball python dies!
Sigmund shouts!
You barely miss Sigmund.
Sigmund is severely wounded.
You closely miss Sigmund.
Sigmund is severely wounded.
Sigmund mumbles some strange words.
Sigmund flickers and vanishes!
Deactivating autopickup; reactivate with Ctrl-A.
You hit something but do no damage. You tail-slap something.
Something hits you.
* * * LOW HITPOINT WARNING * * *
You barely miss something. You closely miss something.
You hear some strange, mumbled words.
A puff of flame appears from out of thin air!
The puff of flame hits you!
You die...

#....##.# #.# #@#
#..####.####.### #.#
#..####........# #.# #
##.#.........##.## #.# #
##.###..##........#####.#### ####
#.## ##.....#...........@... ...#
##.###..##.....#..####.##.<.
##.#####.#.#.##..#..#..# #.##.##
#.........##.##{@......# #.#..##
#>........##...........# #.#.###
#.#####...########S..### #......
#.# #....# #...# ###.#..
#.#####....# #...# #....
..##.......#######...########.#.#
..##.####..#...............##....
..##.####.....................#.#
..##.##....#......>....)...####.#


You could see a friendly ball python (confused).

Vanquished Creatures
  An ooze (D:1)
  A dart slug (D:1)
  3 leopard geckos
  2 giant cockroaches (D:2)
  6 goblins
  7 hobgoblins
  2 jackals (D:2)
  A ball python (D:2)
  8 bats
  2 frilled lizards (D:2)
  5 kobolds
  10 rats
48 creatures vanquished.

Notes
Turn   | Place    | Note
-------+----------+-------------------------------------------
     0 | D:1      | sking99 the Draconian Transmuter began the quest for the Orb.
     0 | D:1      | Reached XP level 1. HP: 16/16 MP: 3/3
   214 | D:1      | Reached XP level 2. HP: 23/23 MP: 5/5
   222 | D:1      | Learned a level 2 spell: Sticks to Snakes
   546 | D:1      | Reached XP level 3. HP: 27/29 MP: 6/6
  1098 | D:1      | Reached skill level 4 in Unarmed Combat
  1243 | D:2      | Found a white marble altar of Elyvilon.
  1277 | D:2      | Became a worshipper of Elyvilon the Healer
  1310 | D:2      | Found an iron altar of Okawaru.
  1331 | D:2      | Fell from the grace of Elyvilon
  1331 | D:2      | Became a worshipper of Warmaster Okawaru
  1380 | D:2      | Found an iron altar of Okawaru.
  1407 | D:2      | Noticed Sigmund
  2229 | D:2      | Gained mutation: You have a pair of small antennae on your head. [potion of mutation]
  2229 | D:2      | Gained mutation: You tend to lose your temper in combat. [potion of mutation]
  2229 | D:2      | Lost mutation: You tend to lose your temper in combat. [potion of mutation]
  2237 | D:2      | Killed from afar by Sigmund

Vault maps used:
D:1:      lightli_arrival_flooded_house, minmay_misc_feat_rugged
D:2:      elyvilon_altar_4, nicolae_overflow_crystal_walls,
          lemuel_crystal_altar, okawaru_metal_pillars_1_2, uniq_sigmund

Skill      XL: |  1  2  3 |
---------------+----------+-----
Fighting       | 2 |  2.4
Unarmed Combat | 4 |  4.2
Dodging        | |  1.7
Spellcasting   | |  2.0
Transmutations | |  2.0
Invocations    | |  0.2

Action                   || total
-------------------------++-------
Melee: Unarmed           ||   139
       Tailslap          ||    10
       Punch             ||     1
 Cast: Sticks to Snakes  ||     5
  Use: Potion            ||     3
 Stab: Sleeping          ||     2
  Eat: Chunk             ||     3
Armor: Skin              ||    44
Dodge: Dodged            ||    81

Table legend:
 A = Spawn XP
 B = Non-spawn XP
 C = Spawn XP percentage of total XP
 D = Spawn monster count
 E = Non-spawn monster count
 F = Spawn count percentage of total count
 G = Total turns spent on level
                    A         B        C        D         E        F      G
               +---------+---------+-------+---------+---------+-------+---------
         Total |       0 |      83 |   0.0 |       0 |      48 |   0.0 |  2237
               +---------+---------+-------+---------+---------+-------+---------
           D:1 |       0 |      54 |   0.0 |       0 |      28 |   0.0 |  1753
           D:2 |       0 |      29 |   0.0 |       0 |      20 |   0.0 |   484
               +---------+---------+-------+---------+---------+-------+---------
